Map: Lockdown LE

Players

berserk - Winner!

  • Race: Terran Terran
  • League: Master
  • Spawn Location: 1:00

BanelingDion

  • Race: Terran Terran
  • League: Diamond
  • Spawn Location: 7:00

VOD

Have the link to the VOD?

Description

Time

  • Played on: July 16, 2026, 12:27 a.m.
  • Length: 3:36
Show
View Real Time Build Order
Export as new Build Order

berserk Terran - Winner!

Build Orders:  

Get SALT Encoding   

  8  0:00  SCV  
  9  0:12  SCV  
  10  0:24  SCV  
  10  0:28  Supply Depot  
  11  0:36  SCV  
  12  0:51  Barracks  
  12  0:57  Refinery  
  12  1:11  Barracks  
  12  1:22  Refinery  
  12  1:26  SCV  
  14  1:42  Reaper  
  14  1:43  SCV  
  15  1:59  Reaper  
  16  2:09  Orbital Command  
  16  2:16  Reaper  
  18  2:39  Factory  
  18  2:43  Marine  
  18  2:44  SCV  
  19  2:53  Marine  
  19  2:58  SCV  
  21  3:05  Supply Depot  
  21  3:27  Factory Tech Lab  
Show
View Real Time Build Order
Export as new Build Order

BanelingDion Terran 

Build Orders:  

Get SALT Encoding   

  8  0:01  SCV  
  9  0:13  SCV  
  10  0:25  SCV  
  10  0:28  Supply Depot  
  11  0:37  SCV  
  12  0:49  SCV  
  13  0:55  Barracks  
  13  1:03  Refinery  
  13  1:08  SCV  
  14  1:20  SCV  
  15  1:27  Refinery  
  15  1:32  SCV  
  16  1:44  SCV  
  17  1:48  Reaper  
  18  1:57  Orbital Command  
  18  2:13  Supply Depot  
  18  2:22  Reaper  
  18  2:23  SCV  
  20  2:39  Factory  
  20  2:41  SCV  
  21  2:54  SCV  
  21  2:57  Barracks Reactor  
  22  3:06  SCV  
Tags
 
Matchup
TvT
Race
Terran
Spawn Locations
Cross Positions
Add a new tag
Caveats
  • Supply blocks, unpowered buildings, or Contaminate may cause inaccurate times.
  • Supply counts are checked every 10 seconds.